SNL (28 & UNDER)
BEAUMONT ROUGHNECKS @ MONTGOMERY BISCUITS
05/26/2028
 
TOP OF THE 1ST
Beaumont Roughnecks batting - Pitching for Montgomery Biscuits : LHP Trevor Nichols
Pitching: LHP Trevor Nichols
Batting: RHB António Aguilar 0-0: Ball
1-0: Ball
2-0: Foul Ball, location: 2F
2-1: Fly out, F9 (Flyball, 89M)
Batting: RHB Darwin Crane 0-0: Called Strike
0-1: Ball
1-1: Called Strike
1-2: Ground out 6-3 (Groundball, 56)
Batting: LHB Bernardo Morales 0-0: Ball
1-0: Ball
2-0: Ball
3-0: Foul Ball, location: 2F
3-1: Base on Balls
Batting: LHB Cam Flowers 0-0: Ball
1-0: Ground out 1-3 (Groundball, 13S)
Top of the 1st over - 0 run(s), 0 hit(s), 0 error(s), 1 left on base; Beaumont 0 - Montgomery 0
BOTTOM OF THE 1ST
Montgomery Biscuits batting - Pitching for Beaumont Roughnecks : RHP Jim Fitzgerald
Pitching: RHP Jim Fitzgerald
Batting: SHB Lawrence Farley 0-0: Ball
1-0: Ball
2-0: Called Strike
2-1: Ball
3-1: Called Strike
3-2: Foul Ball, location: 2F
3-2: Fly out, F9 (Flyball, 9LM)
Batting: LHB António Fernández 0-0: Called Strike
0-1: Ball
1-1: Ball
2-1: Ball
3-1: Swinging Strike
3-2: Strikes out swinging
Batting: SHB Marvin López 0-0: Ball
1-0: Ball
2-0: Called Strike
2-1: Foul Ball, location: 2F
2-2: Ball
3-2: Ground out 4-3 (Groundball, 4)
Bottom of the 1st over - 0 run(s), 0 hit(s), 0 error(s), 0 left on base; Beaumont 0 - Montgomery 0
TOP OF THE 2ND
Beaumont Roughnecks batting - Pitching for Montgomery Biscuits : LHP Trevor Nichols
Batting: LHB Enrique Cruz 0-0: Fly out, F8 (Flyball, 8RS)
Batting: RHB Albert Alemán 0-0: Ball
1-0: Ground out 1-4-3 (Groundball, 15S)
Batting: RHB Jeff Mason 0-0: Ball
1-0: Fly out, F3 (Popup, 3)
Top of the 2nd over - 0 run(s), 0 hit(s), 0 error(s), 0 left on base; Beaumont 0 - Montgomery 0
BOTTOM OF THE 2ND
Montgomery Biscuits batting - Pitching for Beaumont Roughnecks : RHP Jim Fitzgerald
Batting: SHB Terry O'Farrell 0-0: DOUBLE (Flyball, 9LD)
Batting: RHB Jerry Johnston 0-0: Called Strike
0-1: Foul Ball, location: 2F
0-2: Ground out 6-3 (Groundball, 6)
Batting: RHB Bob McDonald 0-0: Ball
1-0: Ball
2-0: Ball
3-0: Called Strike
3-1: Foul Ball, location: 2F
3-2: Strikes out swinging
Batting: RHB Rusty Downy 0-0: Called Strike
0-1: Ball
1-1: SINGLE (Line Drive, 34D)
Terry O'Farrell to third
Runner from 3rd tries for Home, SAFE, no throw
Batting: RHB Glen MacDonald 0-0: Called Strike
0-1: Ball
1-1: Ball
Rusty Downy is caught stealing 2nd base
Bottom of the 2nd over - 1 run(s), 2 hit(s), 0 error(s), 0 left on base; Beaumont 0 - Montgomery 1
TOP OF THE 3RD
Beaumont Roughnecks batting - Pitching for Montgomery Biscuits : LHP Trevor Nichols
Batting: RHB Franklin Lawrence 0-0: Ball
1-0: Called Strike
1-1: Foul Ball, location: 2F
1-2: Ball
2-2: Strikes out swinging
Batting: RHB Miguel Costa 0-0: Fly out, F8 (Flyball, 8RS)
Batting: RHB António Aguilar 0-0: Ground out 6-3 (Groundball, 6)
Top of the 3rd over - 0 run(s), 0 hit(s), 0 error(s), 0 left on base; Beaumont 0 - Montgomery 1
BOTTOM OF THE 3RD
Montgomery Biscuits batting - Pitching for Beaumont Roughnecks : RHP Jim Fitzgerald
Batting: RHB Glen MacDonald 0-0: Called Strike
0-1: Ball
1-1: SINGLE (Line Drive, 5)
Batting: RHB Dave Roberts 0-0: SINGLE (Groundball, 6MD)
Glen MacDonald to second
Batting: SHB Lawrence Farley 0-0: Called Strike
0-1: Swinging Strike
0-2: Ball
1-2: Foul Ball, location: 2F
1-2: Ball
2-2: Strikes out swinging
Batting: LHB António Fernández 0-0: Called Strike
0-1: Ball
1-1: SINGLE (Flyball, 3D)
Glen MacDonald to third
Dave Roberts to second
Runner from 3rd tries for Home, SAFE, throw made home
Batting: SHB Marvin López 0-0: Ball
1-0: Ball
2-0: Ball
3-0: Called Strike
3-1: Swinging Strike
3-2: Foul Ball, location: 2F
3-2: Foul Ball, location: 2F
3-2: Foul Ball, location: 2F
3-2: Base on Balls
Dave Roberts to third
António Fernández to second
Batting: SHB Terry O'Farrell 0-0: Ball
1-0: Ball
2-0: SINGLE (Groundball, 56S) (infield hit)
Dave Roberts scores
António Fernández to third
Marvin López to second
Batting: RHB Jerry Johnston 0-0: Ball
Wild Pitch!
António Fernández scores
Marvin López to third
Terry O'Farrell to second
1-0: Ball
2-0: Ball
3-0: Base on Balls
Batting: RHB Bob McDonald 0-0: Ball
1-0: Ball
2-0: Called Strike
2-1: Swinging Strike
2-2: Ball
3-2: SINGLE (Flyball, 4D)
Marvin López scores
Terry O'Farrell to third
Jerry Johnston to second
Runner from 3rd tries for Home, SAFE, throw made home
Batting: RHB Rusty Downy 0-0: Called Strike
0-1: Called Strike
0-2: Strikes out swinging
Batting: RHB Glen MacDonald 0-0: Called Strike
Jerry Johnston steals 3rd base
Bob McDonald to second
0-1: Ball
1-1: Ball
2-1: Fly out, F4 (Popup, 4)
Bottom of the 3rd over - 5 run(s), 5 hit(s), 0 error(s), 2 left on base; Beaumont 0 - Montgomery 6
TOP OF THE 4TH
Beaumont Roughnecks batting - Pitching for Montgomery Biscuits : LHP Trevor Nichols
Batting: RHB Darwin Crane 0-0: Called Strike
0-1: Ball
1-1: Fly out, F6 (Line Drive, 6)
Batting: LHB Bernardo Morales 0-0: Ball
1-0: Ball
2-0: Foul Ball, location: 2F
2-1: Foul Ball, location: 2F
2-2: Foul Ball, location: 2F
2-2: Ball
3-2: SINGLE (Flyball, 7S) - OUT at second base trying to stretch hit.
Batting: LHB Cam Flowers 0-0: Ball
1-0: Swinging Strike
1-1: Ball
2-1: Ball
3-1: Swinging Strike
3-2: Ground out 4-3 (Groundball, 4)
Top of the 4th over - 0 run(s), 1 hit(s), 0 error(s), 0 left on base; Beaumont 0 - Montgomery 6
BOTTOM OF THE 4TH
Montgomery Biscuits batting - Pitching for Beaumont Roughnecks : RHP Jim Fitzgerald
Batting: RHB Dave Roberts 0-0: Called Strike
0-1: Ball
1-1: Fly out, F4 (Line Drive, 4)
Batting: SHB Lawrence Farley 0-0: Ball
1-0: Called Strike
1-1: Foul Ball, location: 2F
1-2: SINGLE (Flyball, 7LS)
Batting: LHB António Fernández 0-0: Ball
1-0: SINGLE (Line Drive, 89S)
Lawrence Farley to second
Runner from 2nd tries for 3rd, SAFE, throw made to third
Batting: SHB Marvin López 0-0: Called Strike
0-1: Foul Ball, location: 2F
0-2: Foul Ball, location: 2F
0-2: Ball
1-2: Ball
2-2: Ball
3-2: Strikes out swinging
Batting: SHB Terry O'Farrell 0-0: Ball
1-0: Ball
2-0: Called Strike
2-1: Foul Ball, location: 2F
2-2: Fielders Choice at 2nd, 4-6 (Groundball, 4)
Bottom of the 4th over - 0 run(s), 2 hit(s), 0 error(s), 1 left on base; Beaumont 0 - Montgomery 6
TOP OF THE 5TH
Beaumont Roughnecks batting - Pitching for Montgomery Biscuits : LHP Trevor Nichols
Batting: LHB Enrique Cruz 0-0: Ball
1-0: Ball
2-0: Called Strike
2-1: Swinging Strike
2-2: Strikes out swinging
Batting: RHB Albert Alemán 0-0: Ball
1-0: Called Strike
1-1: Fly out, F7 (Flyball, 78D)
Batting: RHB Jeff Mason 0-0: Ball
1-0: Ground out 5-3 (Groundball, 56)
Top of the 5th over - 0 run(s), 0 hit(s), 0 error(s), 0 left on base; Beaumont 0 - Montgomery 6
BOTTOM OF THE 5TH
Montgomery Biscuits batting - Pitching for Beaumont Roughnecks : RHP Jim Fitzgerald
Pitching: RHP Gustavo Rodríguez
Batting: RHB Jerry Johnston 0-0: Ball
1-0: Ball
2-0: Foul Ball, location: 2F
2-1: Foul Ball, location: 2F
2-2: Foul Ball, location: 2F
2-2: Foul Ball, location: 2F
2-2: Ball
3-2: Fly out, F9 (Flyball, 89D)
Batting: RHB Bob McDonald 0-0: Foul Ball, location: 2F
0-1: Called Strike
0-2: Foul Ball, location: 2F
0-2: Ball
1-2: Ball
2-2: Foul Ball, location: 2F
2-2: Strikes out swinging
Batting: RHB Rusty Downy 0-0: Foul Ball, location: 2F
0-1: Ball
1-1: Ball
2-1: Called Strike
2-2: Strikes out looking
Bottom of the 5th over - 0 run(s), 0 hit(s), 0 error(s), 0 left on base; Beaumont 0 - Montgomery 6
TOP OF THE 6TH
Beaumont Roughnecks batting - Pitching for Montgomery Biscuits : LHP Trevor Nichols
Batting: RHB Franklin Lawrence 0-0: Called Strike
0-1: Ball
1-1: Ground out 5-3 (Groundball, 5D)
Batting: RHB Miguel Costa 0-0: Called Strike
0-1: Swinging Strike
0-2: Strikes out swinging
Batting: RHB António Aguilar 0-0: Swinging Strike
0-1: Ball
1-1: Ball
2-1: Ball
3-1: Foul Ball, location: 2F
3-2: Base on Balls
Batting: RHB Darwin Crane 0-0: DOUBLE (Line Drive, 7LM)
António Aguilar to third
Batting: LHB Bernardo Morales 0-0: Ball
1-0: Fly out, F7 (Flyball, 78M)
Top of the 6th over - 0 run(s), 1 hit(s), 0 error(s), 2 left on base; Beaumont 0 - Montgomery 6
BOTTOM OF THE 6TH
Montgomery Biscuits batting - Pitching for Beaumont Roughnecks : RHP Gustavo Rodríguez
Batting: RHB Glen MacDonald 0-0: Ball
1-0: SINGLE (Line Drive, 9S)
Batting: RHB Dave Roberts 0-0: Ball
1-0: Called Strike
1-1: Foul Ball, location: 2F
1-2: Ball
2-2: Strikes out swinging
Batting: SHB Lawrence Farley 0-0: Fielders Choice at 2nd, 6-4 (Groundball, 6)
Batting: LHB António Fernández 0-0: Ball
Lawrence Farley steals 2nd base
1-0: SINGLE (Groundball, 3) (infield hit)
Lawrence Farley to third
Batting: SHB Marvin López 0-0: Ball
1-0: Ball
2-0: Called Strike
2-1: Ball
3-1: Base on Balls
António Fernández to second
Batting: SHB Terry O'Farrell 0-0: Called Strike
0-1: Ball
1-1: Called Strike
1-2: Ball
2-2: Strikes out swinging
Bottom of the 6th over - 0 run(s), 2 hit(s), 0 error(s), 3 left on base; Beaumont 0 - Montgomery 6
TOP OF THE 7TH
Beaumont Roughnecks batting - Pitching for Montgomery Biscuits : LHP Trevor Nichols
Batting: LHB Cam Flowers 0-0: Fly out, F6 (Popup, 6D)
Batting: LHB Enrique Cruz 0-0: Ball
1-0: Ball
2-0: SINGLE (Groundball, 6MD)
Batting: RHB Albert Alemán 0-0: Ball
1-0: Ball
2-0: Foul Ball, location: 2F
2-1: Called Strike
2-2: Foul Ball, location: 2F
2-2: Grounds into double play, 6-4-3 (Groundball, 56)
Top of the 7th over - 0 run(s), 1 hit(s), 0 error(s), 0 left on base; Beaumont 0 - Montgomery 6
BOTTOM OF THE 7TH
Montgomery Biscuits batting - Pitching for Beaumont Roughnecks : RHP Gustavo Rodríguez
Batting: RHB Jerry Johnston 0-0: Ball
1-0: Called Strike
1-1: Ball
2-1: Foul Ball, location: 2F
2-2: Foul Ball, location: 2F
2-2: Ball
3-2: Strikes out looking
Batting: RHB Bob McDonald 0-0: Foul Ball, location: 2F
0-1: Called Strike
0-2: Foul Ball, location: 2F
0-2: Strikes out swinging
Batting: RHB Rusty Downy 0-0: Called Strike
0-1: Called Strike
0-2: Strikes out swinging
Bottom of the 7th over - 0 run(s), 0 hit(s), 0 error(s), 0 left on base; Beaumont 0 - Montgomery 6
TOP OF THE 8TH
Beaumont Roughnecks batting - Pitching for Montgomery Biscuits : LHP Trevor Nichols
Now in RF: Brian MacIntosh
Batting: RHB Jeff Mason 0-0: Ball
1-0: Foul Ball, location: 2F
1-1: Ball
2-1: Fly out, F8 (Flyball, 8RD)
Batting: RHB Franklin Lawrence 0-0: SINGLE (Line Drive, 3D)
Batting: RHB Miguel Costa 0-0: Foul Ball, location: 2F
0-1: Ball
1-1: Called Strike
1-2: Ball
2-2: Foul Ball, location: 2F
2-2: Ball
3-2: Strikes out swinging
Batting: RHB António Aguilar 0-0: Called Strike
0-1: Ball
1-1: Ball
2-1: Foul Ball, location: 2F
2-2: Ball
3-2: DOUBLE (Line Drive, 7LM)
Franklin Lawrence to third
Franklin Lawrence scores
Pitching: RHP Matt Kinnieson
Batting: RHB Darwin Crane 0-0: Ball
1-0: Ground out 5-3 (Groundball, 56)
Top of the 8th over - 1 run(s), 2 hit(s), 0 error(s), 1 left on base; Beaumont 1 - Montgomery 6
BOTTOM OF THE 8TH
Montgomery Biscuits batting - Pitching for Beaumont Roughnecks : RHP Gustavo Rodríguez
Batting: RHB Glen MacDonald 0-0: Called Strike
0-1: Swinging Strike
0-2: Foul Ball, location: 2F
0-2: Ball
1-2: Ball
2-2: DOUBLE (Flyball, 8RD)
Pitching: RHP Jesús Ortíz
Batting: LHB Brian MacIntosh 0-0: Ground out U3 (Groundball, 3S)
Glen MacDonald to third
Batting: SHB Lawrence Farley 0-0: Ball
1-0: Ball
2-0: Swinging Strike
2-1: Called Strike
2-2: Ball
3-2: SINGLE (Line Drive, 56D)
Glen MacDonald scores
Batting: LHB António Fernández 0-0: 2-RUN HOME RUN (Flyball, 89XD), Distance : 391 ft
Pitching: RHP Jeff Thompson
Batting: SHB Marvin López 0-0: Ball
1-0: Called Strike
1-1: Foul Ball, location: 2F
1-2: Fly out, F8 (Flyball, 8LM)
Batting: SHB Terry O'Farrell 0-0: Swinging Strike
0-1: Called Strike
0-2: Ball
1-2: Strikes out looking
Bottom of the 8th over - 3 run(s), 3 hit(s), 0 error(s), 0 left on base; Beaumont 1 - Montgomery 9
TOP OF THE 9TH
Beaumont Roughnecks batting - Pitching for Montgomery Biscuits : RHP Matt Kinnieson
Batting: LHB Bernardo Morales 0-0: Swinging Strike
0-1: Ball
1-1: Ball
2-1: Ball
3-1: Fly out, F7 (Flyball, 7)
Batting: LHB Cam Flowers 0-0: Foul Ball, location: 2F
0-1: Ball
1-1: Ball
2-1: Foul Ball, location: 2F
2-2: Ground out 4-3 (Groundball, 4)
Batting: LHB Enrique Cruz 0-0: Called Strike
0-1: Called Strike
0-2: Strikes out swinging
Top of the 9th over - 0 run(s), 0 hit(s), 0 error(s), 0 left on base; Beaumont 1 - Montgomery 9
Tuesday, August 8th, 2017 - OOTP Baseball 17.12 Build 75